 Dungeon Crawl Stone Soup version 0.31-a0-986-g5e6e4ef867 (webtiles) character file.

Game seed: 16752427912512040507

6332 jasper the Fighter (level 11, -1/91 HPs)
             Began as a Human Wanderer on Nov 10, 2023.
             Was a Believer of Uskayaw.
             Slain by a hornet (8 damage)
             ... on level 9 of the Dungeon.
             The game lasted 00:12:53 (9843 turns).

jasper the Fighter (Human Wanderer)                 Turns: 9843, Time: 00:12:54

Health: -1/91      AC:  9    Str: 12    XL:     11   Next: 16%
Magic:  0/25       EV: 15    Int: 11    God:    Uskayaw [**....]
Gold:   220        SH:  0    Dex: 19    Spells: 12/12 levels left

rFire   . . .        a - +7 quarterstaff
rCold   + . .        (shield currently unavailable)
rNeg    . . .        E - +2 leather armour {Will+}
rPois   .            (no helmet)
rElec   .            h - +1 cloak
rCorr   .            C - +0 pair of gloves
SInv    .            s - +0 pair of boots
Will    +....        y - amulet of guardian spirit
Stlth   +            o - ring of magical power
HPRegen 0.35/turn    f - ring of protection from cold
MPRegen 0.19/turn

%: guardian spirit
@: slowed, very slow
A: no striking features
a: Renounce Religion, Stomp, Line Pass


You were on level 9 of the Dungeon.
You worshipped Uskayaw.
Uskayaw was noncommittal.
You visited 1 branch of the dungeon, and saw 9 of its levels.

You collected 435 gold pieces.
You spent 215 gold pieces at shops.

Inventory:

Hand Weapons
 a - a +7 quarterstaff (weapon)
 c - a +0 dagger
 u - a +0 trident
 w - a +0 morningstar
Missiles
 b - 24 poisoned darts (quivered)
 l - 75 stones
 t - 2 datura-tipped darts
 F - a throwing net
Armour
 e - a +0 robe
 h - a +1 cloak (worn)
 q - a +0 ring mail
 s - a +0 pair of boots (worn)
 x - a +1 leather armour of positive energy
 C - a +0 pair of gloves (worn)
 E - a +2 leather armour of willpower (worn)
 P - the +8 kite shield of the Cricket {Rampage Int+7}
   (You found it on level 7 of the Dungeon)

   Int+7:     It affects your intelligence (+7).
   Rampage:   It bestows one free step when moving towards enemies.
Jewellery
 f - a ring of protection from cold (right hand)
 o - a ring of magical power (left hand)
 y - an amulet of guardian spirit (around neck)
 z - a ring of magical power
 A - a +5 ring of evasion
 N - a ring of protection from fire
 R - a ring of magical power
Talismans
 p - a maw talisman
Wands
 k - a wand of paralysis (2)
 B - a wand of quicksilver (5)
 D - a wand of mindburst (11)
 M - a wand of flame (16)
 Q - a wand of polymorph (10)
Scrolls
 d - 7 scrolls of teleportation
 g - 2 scrolls of enchant armour
 i - a scroll of fear
 n - 2 scrolls of poison
 H - a scroll of amnesia
 J - 2 scrolls of torment
 O - a scroll of vulnerability
Potions
 j - 2 potions of invisibility
 m - 4 potions of enlightenment
 r - 2 potions of resistance
 v - a potion of mutation
 I - a potion of ambrosia
 K - a potion of haste {unknown}
 L - a potion of lignification {unknown}


   Skills:
 - Level 10.2 Fighting
 - Level 4.0 Staves
 - Level 2.0 Throwing
 + Level 6.3 Dodging
 + Level 6.1 Unarmed Combat
 - Level 1.0 Spellcasting
 - Level 2.0 Necromancy
 + Level 6.8 Invocations
 + Level 5.5 Shapeshifting


You had 12 spell levels left.
You didn't know any spells.
Your spell library contained the following spells:

 Spells                   Type           Power      Damage    Failure   Level
 Necrotise                Necr           16%        1d4       19%         1
 Sublimation of Blood     Necr           4%         N/A       26%         2
 Foxfire                  Conj/Fire      0%         2x1d4     38%         1
 Cigotuvi's Dreadful Rot  Necr/Pois/Air  4%         N/A       43%         2
 Vampiric Draining        Necr           4%         2d6       47%         3
 Lesser Beckoning         Tloc           0%         N/A       52%         2
 Scorch                   Fire           0%         2d5       52%         2
 Ozocubu's Armour         Ice            0%         N/A       77%         3
 Agony                    Necr           4%         N/A       99%         5
 Ozocubu's Refrigeration  Ice            0%         4d7       100%        7
 Ignition                 Fire           0%         3d3       100%        8


Dungeon Overview and Level Annotations

Branches:
Dungeon (9/15)             Temple (0/1) D:6            Lair (0/5) D:8
    Orc: D:9-12

Altars:
Ashenzari
Kikubaaqudgha
Ru
Uskayaw
Zin

Shops:
D:1 *   D:3 (   D:6 !   D:8 (

Annotations:
D:4 Dowan
D:9 1 transporter


Message History

You feel as though you will be slow longer.
You take 9 damage, and have 52/91 hp.
You barely miss the hornet.
The hornet is heavily wounded.
You feel extremely sick. The hornet stings you!
You suddenly lose the ability to move!
The hornet stings you!
You feel as though you will be slow longer.
The hornet stings you.
You are more poisoned.
You feel as though you will be slow longer.
You can move again.
You take 23 damage, and have 29/91 hp.
MASSIVE DAMAGE!!
You now have 13/25 mp.
You hit the hornet.
The hornet is heavily wounded.
* * * LOW HITPOINT WARNING * * *
You feel extremely sick.
The hornet stings you but does no damage.
The hornet closely misses you.
You take 9 damage, and have 20/91 hp.
You thump the hornet!
The hornet is severely wounded.
* * * LOW HITPOINT WARNING * * *
You feel very sick.
The hornet barely misses you. x2; The hornet stings you!
* * * LOW HITPOINT WARNING * * *
You are more poisoned.
You feel as though you will be slow longer.
You can now pass through a line of other dancers.
You take 11 damage, and have 9/91 hp.
You now have 9/25 mp.
You sock the hornet!
The hornet is almost dead.
* * * LOW HITPOINT WARNING * * *
You feel extremely sick. The hornet stings you!
You feel as though you will be slow longer.
The hornet closely misses you.
You take 8 damage, and have 1/91 hp.
You now have 2/25 mp.
You feel better. The hornet stings you!
You die...

. . ..........##
...............##
................####
...................##
#######.............#
#.....#...(.........##
#..$..#..............##
#.._..+.........@y....#
#.$..$#.............#...
#.....#.............#
#######.............#
......................
.....................##
......................#
.......................
..................


You could see a hornet.

Vanquished Creatures
  A skeletal warrior (D:8)
  An elephant (D:8)
  Psyche (D:8)
  A troll (D:9)
  Prince Ribbit (D:7)
  2 wraiths (D:8)
  2 wyverns
  5 yaks (D:9)
  2 unseen horror simulacra (D:8)
  A basilisk (D:8)
  3 steam dragons
  Duvessa (D:4)
  A water moccasin (D:7)
  An orc warrior (D:9)
  3 sky beasts
  An ice beast (D:6)
  An ogre (D:5)
  2 black bears
  2 centaurs
  Blork the orc (D:5)
  2 kobold brigands
  3 bullfrogs
  2 scorpions (D:5)
  4 wights (D:8)
  2 howler monkeys
  A hound (D:6)
  2 jellies (D:4)
  3 sleepcaps (D:5)
  3 orc priests
  3 iguanas
  7 orc wizards
  A centaur simulacrum (D:8)
  12 gnolls
  8 adders
  2 shadow imps
  A howler monkey simulacrum (D:8)
  2 ufetubi (D:6)
  6 worms
  4 dart slugs
  30 orcs
  4 endoplasms
  3 giant cockroaches
  8 hobgoblins
  4 jackals (D:4)
  12 kobolds
  2 quokkas
  4 ball pythons
  3 bats
  4 frilled lizards
  8 goblins
  4 rats
187 creatures vanquished.

Vanquished Creatures (others)
  A kobold (D:8)
1 creature vanquished.

Grand Total: 188 creatures vanquished

Notes
Turn   | Place    | Note
-------+----------+-------------------------------------------
     0 | D:1      | jasper the Human Wanderer began the quest for the Orb.
     0 | D:1      | jasper set off with the following items: a +2 quarterstaff,
                  | 11 poisoned darts, a +0 dagger, a scroll of teleportation,
                  | a +0 robe; and the following spells available to memorise:
                  | Sublimation of Blood, Cigotuvi's Dreadful Rot.
     0 | D:1      | Reached XP level 1. HP: 13/13 MP: 2/2
   113 | D:1      | Reached skill level 1 in Fighting
   217 | D:1      | Reached XP level 2. HP: 20/21 MP: 3/3
   246 | D:1      | Found Gazit's Assorted Antiques.
   400 | D:1      | Reached skill level 2 in Fighting
   559 | D:1      | Reached XP level 3. HP: 16/28 MP: 4/4
  1007 | D:2      | Reached skill level 3 in Fighting
  1033 | D:2      | Reached XP level 4. HP: 18/35 MP: 5/5
  2008 | D:3      | Identified the of Qaliyhui
  2034 | D:3      | Reached skill level 4 in Fighting
  2309 | D:3      | Found Deodgh's Weapon Shoppe.
  2317 | D:3      | Bought 2 datura-tipped darts for 23 gold pieces
  2338 | D:3      | Reached XP level 5. HP: 41/43 MP: 6/6
  2429 | D:3      | Reached skill level 5 in Fighting
  2438 | D:3      | Reached XP level 6. HP: 3/51 MP: 7/7
  3019 | D:3      | Reached skill level 6 in Fighting
  3202 | D:3      | Found a hide-covered altar of Uskayaw.
  3215 | D:3      | Became a worshipper of Uskayaw the Reveller
  3432 | D:4      | Reached * piety under Uskayaw
  3447 | D:4      | Noticed Dowan
  3448 | D:4      | Noticed Duvessa
  3888 | D:4      | Reached ** piety under Uskayaw
  4024 | D:4      | Reached *** piety under Uskayaw
  4026 | D:4      | Killed Duvessa
  4027 | D:4      | Reached skill level 7 in Fighting
  4027 | D:4      | Reached XP level 7. HP: 57/60 MP: 8/8
  4046 | D:4      | Reached **** piety under Uskayaw
  4747 | D:5      | Entered Level 5 of the Dungeon
  4795 | D:5      | Reached skill level 8 in Fighting
  4835 | D:5      | Reached XP level 8. HP: 57/69 MP: 9/9
  5084 | D:5      | Noticed Blork the orc
  5094 | D:5      | Killed Blork the orc
  5095 | D:5      | Reached skill level 9 in Fighting
  6201 | D:6      | Found a staircase to the Ecumenical Temple.
  6237 | D:6      | Reached skill level 10 in Fighting
  6308 | D:6      | Reached XP level 9. HP: 73/78 MP: 10/10
  6437 | D:6      | Found Huc Sier's Distillery.
  6440 | D:6      | Bought a potion of curing for 36 gold pieces
  6440 | D:6      | Bought a potion of heal wounds for 60 gold pieces
  6440 | D:6      | Bought a potion of ambrosia for 96 gold pieces
  6569 | D:7      | Reached skill level 1 in Unarmed Combat
  6569 | D:7      | Reached skill level 1 in Invocations
  6569 | D:7      | Reached skill level 1 in Shapeshifting
  6640 | D:7      | Noticed Prince Ribbit
  6651 | D:7      | Killed Prince Ribbit
  7588 | D:7      | Identified the +8 kite shield of the Cricket {Rampage
                  | Int+7}
  7731 | D:8      | Found Racawneo's Antique Weapon Emporium.
  7777 | D:8      | Noticed an elephant
  7778 | D:8      | Found a staircase to the Lair.
  7802 | D:8      | Killed an elephant
  7803 | D:8      | Reached XP level 10. HP: 39/85 MP: 5/13
  8008 | D:8      | Reached skill level 5 in Invocations
  8025 | D:8      | Reached skill level 5 in Dodging
  8439 | D:8      | Reached skill level 5 in Unarmed Combat
  8607 | D:8      | Noticed Psyche
  8630 | D:8      | Killed Psyche
  8931 | D:8      | Identified the +5 dagger of Varij {pain, rF- Dex+4}
  9154 | D:8      | Noticed a skeletal warrior
  9173 | D:8      | Killed a skeletal warrior
  9311 | D:8      | Found a sacrificial altar of Ru.
  9337 | D:8      | Reached skill level 5 in Shapeshifting
  9476 | D:9      | Found a glowing silver altar of Zin.
  9477 | D:9      | Noticed a boulder beetle
  9478 | D:9      | Found an ancient bone altar of Kikubaaqudgha.
  9478 | D:9      | Noticed a deep elf pyromancer
  9481 | D:9      | Found a transporter.
  9499 | D:9      | Reached ***** piety under Uskayaw
  9501 | D:9      | Reached XP level 11. HP: 81/91 MP: 15/15
  9506 | D:9      | Reached ****** piety under Uskayaw
  9822 | D:9      | Found a broken altar of Ashenzari.
  9837 | D:9      | Paralysed by a hornet for 1 turns
  9839 | D:9      | Paralysed by a hornet for 1 turns
  9842 | D:9      | HP: 1/91 [poisoned by a hornet]
  9843 | D:9      | Slain by a hornet

Illustrated notes

Levels and vault maps discovered:
D:1:      minmay_arrival_nine_rooms, layout_loops_corners, serial_shops, shop
D:2:      layout_rooms, nicolae_wormholes
D:3:      layout_loops_ring, nicolae_uskayaw_dance_hall, serial_shops, shop,
          minmay_puff
D:4:      layout_basic, uniq_duvessa
D:5:      layout_basic, dk_noncrumbling_2, uniq_blork_the_orc
D:6:      layout_cave_pools, temple_pool_b, serial_shops,
          nicolae_shop_real_fake_doors
D:7:      layout_cave_pools, hangedman_misty_isle, uniq_prince_ribbit1
D:8:      layout_basic, hangedman_ru_absence, david_lair_generic, serial_shops,
          shop, serial_park_tiny_1, dilly_guarded_unrand_morg, uniq_psyche
D:9:      layout_layer_cave, gammafunk_temple_overflow_arena,
          amcnicky_altar_gilded, trog_ov_bears_minmay, grunt_ministairs_13,
          kb_rosetta, uniq_maggie

Skill      XL: |  1  2  3  4  5  6  7  8  9 10 11 |
---------------+----------------------------------+-----
Fighting       | 1 2 3 4 5 7 8 10 | 10.2
Unarmed Combat | 4 5 6 |  6.1
Invocations    | 4 6 |  6.8
Shapeshifting  | 3 5 |  5.5
Dodging        | 4 5 6 |  6.3
Staves         | |  4.0
Throwing       | |  2.0
Spellcasting   | |  1.0
Necromancy     | |  2.0

Action                     |  1- 3 |  4- 6 |  7- 9 | 10-12 || total
---------------------------+-------+-------+-------+-------++-------
  Melee: Quarterstaff      |    64 |   153 |   247 |   139 ||   603
  Throw: Dart              |       |    40 |     4 |     2 ||    46
 Invoke: Stomp             |       |       |       |     2 ||     2
Ability: Begin Untransform |       |     1 |       |       ||     1
  Evoke: Wand              |       |       |     4 |       ||     4
    Use: Scroll            |     3 |     8 |     8 |       ||    19
         Potion            |     2 |     2 |     5 |     3 ||    12
   Stab: Paralysed         |       |     2 |     6 |     8 ||    16
         Sleeping          |       |       |     2 |       ||     2
 Armour: Robe              |    49 |    12 |       |       ||    61
         Ring mail         |       |    69 |       |       ||    69
         Leather armour    |       |     6 |   274 |   119 ||   399
         Skin              |       |     1 |       |       ||     1
  Dodge: Dodged            |    36 |    64 |   152 |   116 ||   368
   Form: Maw               |       |     1 |       |       ||     1

Table legend: (Time is in decaauts)
 A = Elapsed time spent in this place.
 B = Non-inter-level travel time spent in this place.
 C = Inter-level travel time spent in this place.
 D = Time resting spent in this place.
 E = Time spent auto-exploring this place.
 F = Levels seen in this place.
 G = Mean time per level.
                   A        B        C        D        E       F      G
               +--------+--------+--------+--------+--------+-----+--------+
         Total |   9951 |   9683 |    268 |    947 |   6902 |   9 | 1105.7 |
       Dungeon |   9951 |   9683 |    268 |    947 |   6902 |   9 | 1105.7 |
               +--------+--------+--------+--------+--------+-----+--------+

Top non-repeatable levels by time:
     D:8: 1781 daAuts
     D:3: 1661 daAuts
     D:6: 1170 daAuts
     D:4: 1107 daAuts
     D:1: 1066 daAuts
     D:5: 1000 daAuts
     D:2: 949 daAuts
     D:7: 821 daAuts
     D:9: 392 daAuts
